 Dungeon Crawl Stone Soup version 0.20.1-1-g8b1a95d (webtiles) character file.

1850 gungr the Transmogrifier (level 9, -2/48 HPs)
             Began as an Octopode Transmuter on Oct 30, 2017.
             Was a Follower of Hepliaklqana.
             Slain by an orc warrior
             ... wielding a +0 dire flail
              (20 damage)
             ... on level 7 of the Dungeon.
             The game lasted 00:25:37 (6601 turns).

gungr the Transmogrifier (Octopode Transmuter)      Turns: 6601, Time: 00:25:38

Health: -2/48      AC:  2    Str:  9    XL:     9   Next: 12%
Magic:  13/13      EV: 21    Int: 18    God:    Hepliaklqana [*.....]
Gold:   408        SH:  0    Dex: 23    Spells: 2/13 levels left

rFire    + . .     SeeInvis .     - Unarmed
rCold    . . .     Gourm    .   (shield currently unavailable)
rNeg     . . .     Faith    .   (helmet currently unavailable)
rPois    .         Spirit   .   m - amulet of regeneration
rElec    .         Reflect  .   l - +5 ring of dexterity
rCorr    .         Harm     .   w - ring of poison resistance
MR       .....                  y - ring of protection from fire
Stlth    +++.......             A - ring of stealth
Regen    0.6/turn               (no ring)
MPRegen  0.2/turn               (no ring)
                                (no ring)
                                (no ring)

@: spider-form
A: almost no armour, stealthy swim, (amphibious), 8 rings, (constrict 8),
reduced essence
a: End Transformation, Recall Ancestor, Ancestor Identity, Renounce Religion


You were on level 7 of the Dungeon.
You worshipped Hepliaklqana.
Hepliaklqana was aware of your devotion.
You were not hungry.
You were a venomous arachnid creature.
You visited 2 branches of the dungeon, and saw 8 of its levels.

You collected 408 gold pieces.

Inventory:

Missiles
 j - 23 arrows
Armour
 o - a +2 hat (melded)
Jewellery
 l - a +5 ring of dexterity (left front leg)
 m - an amulet of regeneration (around neck)
 w - a ring of poison resistance (right front leg)
 y - a ring of protection from fire (on tentacle)
 A - a ring of stealth (on tentacle)
 D - an uncursed amulet of guardian spirit
Wands
 C - a wand of random effects (25/48)
Scrolls
 d - a scroll of fog
 e - a scroll of random uselessness {unknown}
 h - 3 scrolls of blinking {unknown}
 i - 3 scrolls of enchant weapon {unknown}
 q - 3 scrolls of recharging
 r - 4 scrolls of remove curse {unknown}
 t - 4 scrolls of teleportation {unknown}
 u - 2 scrolls of amnesia {unknown}
 v - a scroll of enchant armour {unknown}
 x - a scroll of fear {unknown}
Potions
 a - 3 potions of curing
 g - a potion of might
 k - a potion of haste
 p - 2 potions of agility
 s - 2 potions of lignification
 z - a potion of heal wounds
 B - 3 potions of flight
Books
 b - a book of Changes

   Spells                             Type                      Level
   a - Beastly Appendage              Transmutation                1
   b - Sticks to Snakes               Transmutation                2
   c - Spider Form                    Transmutation/Poison         3
   d - Ice Form                       Ice/Transmutation            4
   e - Blade Hands                    Transmutation                5
Comestibles
 c - a bread ration
 f - 4 meat rations
 n - 6 royal jellies


   Skills:
 + Level 2.1 Fighting
 + Level 2.6 Dodging
 * Level 5.6 Unarmed Combat
 + Level 2.6 Spellcasting
 + Level 10.1 Transmutations


You had 2 spell levels left.
You knew the following spells:

 Your Spells              Type           Power        Failure   Level  Hunger
a - Beastly Appendage     Tmut           #####.       2%          1    #......
b - Sticks to Snakes      Tmut           #####...     3%          2    ##.....
c - Spider Form           Tmut/Pois      ###.......   17%         3    ###....
d - Blade Hands           Tmut           #####.....   21%         5    ######.


Dungeon Overview and Level Annotations

Branches:
Dungeon (7/15)             Temple (1/1) D:5

Altars:
Ashenzari
Cheibriados
Dithmenos
Elyvilon
Fedhas
Gozag
Hepliaklqana
Kikubaaqudgha
Makhleb
Nemelex Xobeh
Okawaru
Qazlal
Ru
Uskayaw
Vehumet
Xom
Yredelemnul
Zin
The Shining One

Annotations:
D:4 Sigmund
D:5 2 transporters, Rowanas's ghost, weakling TrMo
D:7 Dowan; Duvessa


Innate Abilities, Weirdness & Mutations

You cannot wear most types of armour.
You are very stealthy in the water. (Stealth+)
((You are amphibious.))
You can wear up to eight rings at the same time.
((You can use your tentacles to constrict eight enemies at once.))
((Your skin changes colour to match your surroundings (Stealth+).))
((Your rubbery body absorbs attacks. (AC +1, EV +1)))
Your life essence is reduced to manifest your ancestor. (-10% HP)


Message History

The orc warrior is lightly wounded.
The orc warrior hits you with a dire flail!
You hit the orc warrior.
The orc warrior looks as sick as possible!
The orc warrior is moderately wounded.
The orc warrior misses you.
You barely miss the orc warrior.
The orc warrior is moderately wounded.
You hit the orc warrior.
The orc warrior looks as sick as possible!
The orc warrior is heavily wounded.
The orc warrior closely misses you.
You hit the orc warrior but do no damage.
The orc warrior is severely wounded.
The orc warrior hits you with a dire flail!
You hit the orc warrior.
The orc warrior looks as sick as possible!
The orc warrior is almost dead.
The orc warrior hits you with a dire flail!!
You die...

### #.## ##..#####
#R#.....#####
###......soo#######...
##...####Z..........
#....#######).$....
##(...# ###...#
##...## ... ##...# .
#...## ## ##...### .#
##......#


You could see an orc warrior, an orc and a worker ant zombie.

Vanquished Creatures
  Grinder (D:4)
  The ghost of Zogzag the Digger, an amateur HuEE (D:3)
  A water moccasin (D:7)
  2 black bears
  Blork the orc (D:4)
  2 bullfrogs
  2 wights (D:6)
  2 howler monkeys
  4 crimson imps
  2 hounds (D:6)
  A centaur zombie (D:3)
  2 orc wizards (D:4)
  A centaur skeleton (D:6)
  Natasha (twice) (D:2)
  2 iguanas
  2 worker ants
  A gnoll (D:1)
  3 adders
  An adder skeleton (D:4)
  5 worms
  A dart slug (D:3)
  3 leopard geckos
  12 orcs
  9 bats
  8 giant cockroaches
  9 goblins
  5 hobgoblins
  4 jackals (D:2)
  3 quokkas
  6 ball pythons
  7 frilled lizards
  A jackal skeleton (D:4)
  8 kobolds
  8 rats
122 creatures vanquished.

Vanquished Creatures (collateral kills)
  A necrophage (D:7)
  An ogre (D:6)
  A wight (D:6)
  2 worker ants
  Natasha (D:2)
  A worker ant zombie (D:7)
  An adder (D:6)
8 creatures vanquished.

Vanquished Creatures (others)
  An ancestor (D:7)
  A dart slug (D:2)
  2 plants (D:5)
4 creatures vanquished.

Grand Total: 134 creatures vanquished

Notes
Turn   | Place    | Note
-------+----------+-------------------------------------------
     0 | D:1      | gungr the Octopode Transmuter began the quest for the Orb.
     0 | D:1      | Reached XP level 1. HP: 13/13 MP: 3/3
   106 | D:1      | Reached XP level 2. HP: 16/18 MP: 3/5
   324 | D:1      | Reached XP level 3. HP: 17/23 MP: 4/6
   893 | D:2      | HP: 1/23 [hobgoblin/club (4)]
  1396 | D:2      | Found a stormy altar of Qazlal.
  1423 | D:2      | Reached XP level 4. HP: 23/28 MP: 7/7
  1629 | D:2      | Reached skill level 5 in Unarmed Combat
  1634 | D:2      | Found an ancient bone altar of Kikubaaqudgha.
  1638 | D:2      | Noticed Natasha
  1645 | D:2      | Killed Natasha
  2001 | D:2      | Learned a level 2 spell: Sticks to Snakes
  2071 | D:2      | Noticed Natasha
  2083 | D:2      | Killed Natasha
  2083 | D:2      | Reached skill level 3 in Transmutations
  2083 | D:2      | Reached XP level 5. HP: 17/33 MP: 2/8
  2375 | D:2      | Noticed Natasha
  2382 | D:2      | Killed Natasha
  2519 | D:3      | Noticed Zogzag's ghost (amateur HuEE)
  2550 | D:3      | Killed Zogzag's ghost
  2550 | D:3      | Reached skill level 4 in Transmutations
  2550 | D:3      | Reached XP level 6. HP: 35/38 MP: 2/9
  2988 | D:3      | Reached skill level 5 in Transmutations
  3010 | D:3      | Learned a level 3 spell: Spider Form
  3892 | D:4      | Noticed Sigmund
  4020 | D:4      | Reached skill level 6 in Transmutations
  4020 | D:4      | Reached XP level 7. HP: 27/43 MP: 10/10
  4305 | D:4      | Noticed Blork the orc
  4316 | D:4      | Killed Blork the orc
  4578 | D:4      | Noticed Grinder
  4591 | D:4      | Killed Grinder
  4591 | D:4      | Reached skill level 7 in Transmutations
  4964 | D:5      | Entered Level 5 of the Dungeon
  5005 | D:5      | Found a sparkling altar of Nemelex Xobeh.
  5015 | D:5      | Noticed Rowanas's ghost (weakling TrMo)
  5018 | D:5      | Found a transporter.
  5019 | D:5      | Found a transporter.
  5033 | D:5      | Reached skill level 8 in Transmutations
  5033 | D:5      | Reached XP level 8. HP: 48/48 MP: 8/11
  5105 | D:5      | Learned a level 5 spell: Blade Hands
  5144 | D:5      | Found a staircase to the Ecumenical Temple.
  5154 | Temple   | Entered the Ecumenical Temple
  5278 | Temple   | Became a worshipper of Hepliaklqana the Forgotten
  5797 | D:6      | Found a stormy altar of Qazlal.
  5797 | D:6      | Found a sacrificial altar of Ru.
  5799 | D:6      | Found a basalt altar of Yredelemnul.
  5799 | D:6      | Found a glowing silver altar of Zin.
  5899 | D:6      | Reached skill level 9 in Transmutations
  6248 | D:7      | Reached * piety under Hepliaklqana
  6275 | D:7      | Noticed Duvessa
  6275 | D:7      | Noticed Dowan
  6403 | D:7      | Reached skill level 10 in Transmutations
  6447 | D:7      | Reached XP level 9. HP: 38/48 MP: 5/12
  6601 | D:7      | Slain by an orc warrior

Skill      XL: |  1  2  3  4  5  6  7  8  9 |
---------------+----------------------------+-----
Unarmed Combat | 4 5 |  5.6
Transmutations | 3 4 6 8 10 | 10.1
Fighting       | 2 |  2.1
Dodging        | |  2.6
Spellcasting   | |  2.6

Action                   |  1- 3 |  4- 6 |  7- 9 || total
-------------------------+-------+-------+-------++-------
Melee: Unarmed           |    96 |   120 |   171 ||   387
       Constrict         |    27 |    24 |    10 ||    61
       Tentacles         |    15 |    17 |    15 ||    47
       Kick              |     5 |     9 |       ||    14
       Punch             |     3 |     2 |     3 ||     8
 Cast: Beastly Appendage |     5 |     5 |     1 ||    11
       Sticks to Snakes  |       |    12 |       ||    12
       Spider Form       |       |     1 |    17 ||    18
  Use: Potion            |       |     5 |       ||     5
       Scroll            |       |       |     7 ||     7
 Stab: Sleeping          |     6 |     5 |     4 ||    15
       Invisible         |       |     1 |       ||     1
       Distracted        |       |       |     3 ||     3
  Eat: Bread ration      |     1 |     2 |     2 ||     5
Armor: Skin              |     4 |    13 |     6 ||    23
Dodge: Dodged            |    60 |    58 |   115 ||   233
